 Dungeon Crawl Stone Soup version 0.31-a0-426-g3a05650e59 (webtiles) character file.

Game seed: 15255553493363656997

326 hashsling the Trooper (level 6, -1/40 HPs)
             Began as a Gargoyle Fighter on July 30, 2023.
             Was an Initiate of Okawaru.
             Slain by an ogre
             ... wielding a +0 giant spiked club
              (9 damage)
             ... on level 5 of the Dungeon.
             The game lasted 00:08:30 (3179 turns).

hashsling the Trooper (Gargoyle Fighter)            Turns: 3179, Time: 00:08:31

Health: -1/40      AC: 16    Str: 21    XL:     6   Next: 49%
Magic:  0/6        EV:  7    Int:  9    God:    Okawaru [......]
Gold:   199        SH:  6    Dex:  9    Spells: 5/5 levels left

rFire   . . .        a - +1 flail
rCold   . . .        p - +2 buckler
rNeg    + . .        i - +0 chain mail
rPois   ∞            w - +0 helmet
rElec   +            g - +0 cloak
rCorr   .            (no gloves)
SInv    .            (no boots)
Will    .....        m - amulet of guardian spirit Stlth
                     (no ring)
HPRegen 0.26/turn    (no ring)
MPRegen 0.10/turn

%: guardian spirit
@: weak-willed
A: sickness immunity, AC +4, negative energy resistance 1, electricity
resistance, torment resistance 1, petrification resistance
a: Renounce Religion


You were on level 5 of the Dungeon.
You worshipped Okawaru.
Okawaru was noncommittal.
You visited 2 branches of the dungeon, and saw 6 of its levels.

You collected 199 gold pieces.

Inventory:

Hand Weapons
 a - a +1 flail (weapon)
 t - a +0 mace
Missiles
 q - a javelin (quivered)
Armour
 g - a +0 cloak (worn)
 i - a +0 chain mail (worn)
 p - a +2 buckler (worn)
 w - a +0 helmet (worn)
Jewellery
 m - an amulet of guardian spirit (around neck)
Scrolls
 e - 4 scrolls of identify
 f - 5 scrolls of enchant armour
 j - a scroll of revelation {unknown}
 l - a scroll of noise {unknown}
 n - a scroll of teleportation {unknown}
 o - 2 scrolls of enchant weapon
 r - a scroll of immolation
 x - a scroll of poison {unknown}
Potions
 c - 2 potions of curing {unknown}
 d - a potion of resistance {unknown}
 h - 2 potions of enlightenment {unknown}
 k - 2 potions of attraction {unknown}
 u - 2 potions of lignification {unknown}
 v - a potion of ambrosia


   Skills:
 * Level 5.5 Fighting
 * Level 4.5 Maces & Flails
 - Level 4.0 Armour
 + Level 3.6 Shields


You had 5 spell levels left.
You didn't know any spells.
Your spell library contained the following spells:

 Spells                   Type           Power      Damage    Failure   Level
 Poisonous Vapours        Pois/Air       0%         N/A       99%         2
 Ignite Poison            Fire/Tmut/Pois 0%         N/A       100%        3
 Mephitic Cloud           Conj/Pois/Air  0%         N/A       100%        3
 Freezing Cloud           Conj/Ice/Air   0%         6-21      100%        5
 Cigotuvi's Dreadful Rot  Necr/Pois/Air  Unusable   N/A       N/A         2

Dungeon Overview and Level Annotations

Branches:
Dungeon (5/15)             Temple (1/1) D:4

Altars:
Ashenzari
Cheibriados
Elyvilon
Fedhas
Gozag
Hepliaklqana
Makhleb
Nemelex Xobeh
Okawaru
Qazlal
Ru
Sif Muna
Trog
Uskayaw
Vehumet
Wu Jian
Xom
Yredelemnul
Zin
The Shining One

Annotations:
D:4 Dowan, Duvessa
D:5 Blork the orc, Menkaure


Innate Abilities, Weirdness & Mutations

You are immune to sickness and miasma.
Your stone body is resilient. (AC +4)
You are immune to poison.
You resist negative energy. (rN+)
You are resistant to electric shocks. (rElec)
You are resistant to unholy torment.
You are immune to petrification.


Message History

You block the gnoll's attack. The gnoll hits you but does no damage.
The gnoll attacks as you move away! The gnoll hits you with a +0 spear.
Menkaure gestures ominously.
The gnoll hits you but does no damage. You block the gnoll's attack.
As you read the scroll labelled FEKELA ENEUSUA, it crumbles to dust.
It is a scroll of enchant weapon.
Your +0 flail glows red for a moment.
The gnoll hits you but does no damage. x2
The gnoll hits you from afar with a +0 spear.
As you read the scroll labelled SEFOSIU EKITY, it crumbles to dust.
It is a scroll of identify.
f - 5 scrolls of enchant armour Menkaure calls on the powers of darkness!
The gnoll convulses! x2; The ogre convulses!
Your body is wracked with pain!
The gnoll convulses! x2; The gnoll hits you but does no damage.
You block the gnoll's attack. The gnoll barely misses you.
As you read the scroll of identify, it crumbles to dust.
r - 2 scrolls of immolation The ogre barely misses you.
The gnoll barely misses you. You block the gnoll's attack.
The gnoll closely misses you. The gnoll hits you but does no damage.
Menkaure calls on the powers of darkness!
The gnoll convulses! x2; The ogre convulses!
Your body is wracked with pain!
The gnoll convulses! x2
As you read the scroll labelled KULOCI VATI, it crumbles to dust.
Nothing appears to happen.
It was a scroll of butterflies.
You block the gnoll's attack. The gnoll hits you with a +0 spear.
The gnoll hits you but does no damage. You block the gnoll's attack.
Really read the scroll of immolation?
As you read the scroll of immolation, it crumbles to dust.
The creatures around you are filled with an inner flame!
The ogre hits you with a +0 giant spiked club!!
* * * LOW HITPOINT WARNING * * *
The gnoll closely misses you. You block the gnoll's attack.
The gnoll closely misses you. The gnoll hits you but does no damage.
As you read the scroll labelled LEP PAFEMIKIN, it crumbles to dust.
Magic quickly surges around you.
It was a scroll of vulnerability.
Menkaure gestures wildly while chanting.
Menkaure seems to speed up.
You block the gnoll's attack.
The ogre hits you with a +0 giant spiked club!
You die...

#..#..#..#..#.......#
#...#..#..#..#...##.#
#.#..#..#..#..#..# #
#................#
#####....####........#
#.....##.# ####
#.##.....###
#.###..M..g#####
#........gO@...#
######...gg....#
####......# #./....#
#......# #......#
########


You could see an ogre (inner flame, weak-willed), Menkaure (fast, inner flame,
weak-willed) and 4 gnolls.

Vanquished Creatures
  A bullfrog (D:5)
  A scorpion (D:4)
  A howler monkey (D:5)
  A sleepcap (D:4)
  An iguana (D:4)
  3 gnolls (D:2)
  2 adders
  An ufetubus (D:4)
  2 worms
  A dart slug (D:3)
  6 orcs
  3 bats
  3 endoplasms
  4 giant cockroaches
  5 goblins
  7 hobgoblins
  2 quokkas (D:4)
  3 ball pythons
  4 kobolds
  7 rats
58 creatures vanquished.

Notes
Turn   | Place    | Note
-------+----------+-------------------------------------------
     0 | D:1      | hashsling the Gargoyle Fighter began the quest for the Orb.
     0 | D:1      | Reached XP level 1. HP: 14/14 MP: 1/1
   406 | D:1      | Reached XP level 2. HP: 19/19 MP: 2/2
  1222 | D:2      | Reached XP level 3. HP: 13/24 MP: 3/3
  1348 | D:2      | Reached skill level 4 in Fighting
  1517 | D:2      | Reached XP level 4. HP: 29/29 MP: 4/4
  1787 | D:3      | Found a faded altar of an unknown god.
  2173 | D:3      | Identified the staff "Itia" {rElec Str+2 Int+5 Air}
  2407 | D:4      | Reached XP level 5. HP: 28/34 MP: 3/5
  2539 | D:4      | Found a staircase to the Ecumenical Temple.
  2550 | Temple   | Entered the Ecumenical Temple
  2591 | Temple   | Became a worshipper of Warmaster Okawaru
  2693 | D:4      | Reached skill level 5 in Fighting
  2840 | D:4      | Noticed Duvessa
  2840 | D:4      | Noticed Dowan
  2870 | D:5      | Entered Level 5 of the Dungeon
  2962 | D:5      | Reached XP level 6. HP: 18/40 MP: 4/6
  3120 | D:5      | Noticed Menkaure
  3120 | D:5      | Noticed Blork the orc
  3179 | D:5      | Slain by an ogre

Illustrated notes

Levels and vault maps discovered:
D:1:      sevenhm_arrival_forest_fort_small_6, layout_loops_corners,
          item_on_display_b
D:2:      layout_basic
D:3:      layout_loops_cross, shapermc_ecumenical_altar_ellora
D:4:      layout_cave_pools, minmay_temple_entry_large_hall, uniq_duvessa
D:5:      layout_basic, minmay_misc_feat_diagonals, uniq_menkaure,
          uniq_blork_the_orc
Temple:   mainiacjoe_temple_big_plus

Skill      XL: |  1  2  3  4  5 |
---------------+----------------+-----
Armour         | 4 |  4.0
Fighting       | 4 5 |  5.5
Maces & Flails | 3 4 |  4.5
Shields        | |  3.6

Action                     |  1- 3 |  4- 6 || total
---------------------------+-------+-------++-------
  Melee: Flail             |    82 |   114 ||   196
         Mace              |       |    25 ||    25
  Throw: Javelin           |     1 |     3 ||     4
    Use: Potion            |     1 |     2 ||     3
         Scroll            |       |     6 ||     6
 Armour: Scale mail        |    15 |       ||    15
         Chain mail        |    32 |   130 ||   162
  Dodge: Dodged            |    33 |    59 ||    92
  Block: Buckler           |    21 |    61 ||    82

Table legend: (Time is in decaauts)
 A = Elapsed time spent in this place.
 B = Non-inter-level travel time spent in this place.
 C = Inter-level travel time spent in this place.
 D = Time resting spent in this place.
 E = Time spent auto-exploring this place.
 F = Levels seen in this place.
 G = Mean time per level.
                   A        B        C        D        E       F      G
               +--------+--------+--------+--------+--------+-----+--------+
         Total |   3239 |   3063 |    176 |     57 |   2319 |   6 |  539.8 |
       Dungeon |   3160 |   3060 |    100 |     57 |   2319 |   5 |  632.0 |
        Temple |     79 |      3 |     76 |      0 |      0 |   1 |   79.0 |
               +--------+--------+--------+--------+--------+-----+--------+

Top non-repeatable levels by time:
     D:1: 894 daAuts
     D:3: 822 daAuts
     D:2: 716 daAuts
     D:4: 428 daAuts
     D:5: 297 daAuts
  Temple: 79 daAuts
